 Dungeon Crawl Stone Soup version 0.27.1-33-g824d729ab1 (webtiles) character file.

Game seed: 14430504783451606222

8 Descartes the Ducker (level 2, 0/13 HPs)
             Began as a Felid Wanderer on Nov 25, 2021.
             Slain by a hobgoblin (2 damage)
             ... on level 1 of the Dungeon.
             The game lasted 00:00:53 (378 turns).

Descartes the Ducker (Felid Wanderer)                Turns: 378, Time: 00:00:53

Health: 0/13       AC:  1    Str: 12    XL:     2   Next: 0%
Magic:  3/3        EV: 19    Int: 13    God:
Gold:   19         SH:  0    Dex: 11    Spells: 1/1 levels left
                                        Lives:  0   Deaths: 0

rFire    . . .     SeeInvis +   (weapon unavailable)
rCold    . . .     Faith    .   (shield unavailable)
rNeg     . . .     Spirit   .   (armour unavailable)
rPois    .         Reflect  .   (helmet unavailable)
rElec    .         Harm     .   (cloak unavailable)
rCorr    .         Rampage  .   (gloves unavailable)
Will     .....                  (boots unavailable)
Stlth    ++........             (no amulet)
HPRegen  0.04/turn              (no ring)
MPRegen  0.08/turn              (no ring)

@: quick
A: very small, claws 1, fangs 3, see invisible, speed 1, shaggy fur 1, stealthy
paws, no weapons or thrown items, no armour, multi-lived
a: no special abilities


You were on level 1 of the Dungeon.
You visited 1 branch of the dungeon, and saw 1 of its levels.

You collected 19 gold pieces.

Inventory:

Jewellery
 e - a ring of flight
Scrolls
 a - a scroll of teleportation
 c - a scroll of identify {unknown}
Potions
 b - a potion of lignification
 d - 2 potions of curing {unknown}


   Skills:
 - Level 2.0 Fighting
 * Level 6.9 Dodging
 - Level 2.6 Stealth
 + Level 0.7 Unarmed Combat
 - Level 1.1 Evocations


You had one spell level left.
You didn't know any spells.
Your spell library was empty.

Dungeon Overview and Level Annotations

Branches:
Dungeon (1/15)

Altars:


Innate Abilities, Weirdness & Mutations

You have sharp claws.
You have razor-sharp teeth.
You have supernaturally acute eyesight. (SInv)
You cover ground quickly. (Speed+)
You are covered in fur. (AC +1)
Your paws help you pounce on unaware monsters.
You are incapable of wielding weapons or throwing items.
You cannot wear armour.
You gain extra lives every three experience levels.


Message History

The ball python constricts you.
You are too injured to fight recklessly!
You are too injured to fight recklessly!
You are too injured to fight recklessly!
You are too injured to fight recklessly!
You are too injured to fight recklessly!
You are too injured to fight recklessly!
You are too injured to fight recklessly!
You are too injured to fight recklessly!
You are too injured to fight recklessly!
You are too injured to fight recklessly!
You are too injured to fight recklessly!
You are too injured to fight recklessly!
You are too injured to fight recklessly!
You are too injured to fight recklessly!
You are too injured to fight recklessly!
You are too injured to fight recklessly!
You are too injured to fight recklessly!
You are too injured to fight recklessly!
You escape the ball python's grasp.
The rat bites you.
* * * LOW HITPOINT WARNING * * *
The rat twitches its whiskers.
The ball python barely misses you. The ball python completely misses you.
You scratch the ball python.
The ball python is moderately wounded.
The ball python barely misses you. The ball python misses you.
You closely miss the ball python.
The ball python is moderately wounded.
The ball python barely misses you. The ball python misses you. x2
The ball python grabs you. The ball python constricts you.
* * * LOW HITPOINT WARNING * * *
You scratch the ball python.
You kill the ball python!
You scratch the rat.
You kill the rat!
You have reached level 2!
You scratch the hobgoblin.
The hobgoblin is heavily wounded.
The hobgoblin hits you.
You die...

#......#.. .... .### ##.....###
#### ....###### #.....######bbP
.####.......# #.....##...###.
............# #.....'..#.# #.
#..#...)....# #.....#..### ##
)...........# ##....#..#
#.........########.##....######
#...........g@................
#..........########.#..#####.##
......##.###.# #.#.....##.#
.........# #.########.##.##.##.##
########## #..........^..#.......
######################...######.#
.....................#...# #..
...8...8.........[...#...#######.
..........#########..#...........


You could see a hobgoblin.

Vanquished Creatures
  A dart slug (D:1)
  A ball python (D:1)
  2 bats (D:1)
  A frilled lizard (D:1)
  3 rats (D:1)
8 creatures vanquished.

Notes
Turn   | Place    | Note
-------+----------+-------------------------------------------
     0 | D:1      | Descartes the Felid Wanderer began the quest for the Orb.
     0 | D:1      | Descartes set off with the following items: a scroll of
                  | teleportation, a potion of lignification
     0 | D:1      | Reached XP level 1. HP: 9/9 MP: 2/2
     6 | D:1      | Noticed an electric eel
   378 | D:1      | Reached XP level 2. HP: 2/13 MP: 3/3
   378 | D:1      | Slain by a hobgoblin

Illustrated notes

Levels and vault maps discovered:
D:1:      arrival_aquarium_a, layout_basic, serial_aquarium,
          aquarium_bridge_island_small [aquarium_subvault_small_open,
          aquarium_subvault_bridge, aquarium_subvault_window,
          aquarium_subvault_bridge, aquarium_subvault_bridge],
          aquarium_bridge_straight [aquarium_subvault_bridge,
          aquarium_subvault_wall, aquarium_subvault_bridge,
          aquarium_subvault_wall], aquarium_window_3, aquarium_window_fake,
          aquarium_window_fake, aquarium_window_1, aquarium_view_4,
          aquarium_view_2c, minmay_pentomino_x2

Action                   || total
-------------------------++-------
Melee: Unarmed           ||    29
       Bite              ||     1
Armor: Skin              ||     5
Dodge: Dodged            ||    37
